Cogmind - Beta 16 @@@ ROGUE MODE // 2026.01.12 @ 19:51:14 Player: Sanae Result: Destroyed by as-46674 with Assembled Maul Performance ------------- Evolutions (1) 500 Regions Visited (4) 800 Robots Destroyed (9) 45 Value Destroyed (253) 253 Prototype IDs (12) 240 Alien Tech Used (0) 0 Bonus (-677) -677 TOTAL SCORE: 1161 Bonus ------- Friendly Fire -677 Cogmind --------- Core Integrity 0/400 Matter 245/300 Energy 99/100 System Corruption 8% Temperature Cool (9) Movement Core (50) Location -9/Exiles Parts ------- > --- POWER (1) -------- (None) > --- PROPULSION (4) --- (None) > --- UTILITY (2) ------ (None) > --- WEAPON (2) ------- (None) > --- INVENTORY (5) ---- Light Treads Datajack Katana Katana Deploy-a-Sentry Peak State ------------ > --- POWER ------------ Heavy Deuterium Engine > --- PROPULSION ------- (None) > --- UTILITY ---------- EX Chip 1 EX Chip 1 > --- WEAPON ----------- AWS/EX-DEC > --- INVENTORY -------- Light Treads Datajack Katana Katana Deploy-a-Sentry [Rating: 30] Favorites ----------- Power Ion Engine Engine Ion Engine Propulsion Aluminum Leg Leg Aluminum Leg Utility Small Storage Unit Device Improved Sensor Array Storage Small Storage Unit Hackware EX Chip 1 Weapon Light Assault Rifle Energy Gun EM Pulse Gun Ballistic Gun Light Assault Rifle Slashing Weapon Katana Special Melee Weapon Datajack Build | -11 -10 -9 -9 -9 ------- Run | Yrd Mat Mat Min Exi Slots Evolved 2 | . . 2 . . Power . | . . . . . Propulsion 2 | . . 2 . . Utility . | . . . . . Weapon . | . . . . . Parts Attached 20 | 6 1 7 . 6 Power 2 | 1 . . . 1 Engine 2 | 1 . . . 1 Core . | . . . . . Reactor . | . . . . . Propulsion 6 | 2 . 4 . . Treads . | . . . . . Leg 6 | 2 . 4 . . Wheel . | . . . . . Hover . | . . . . . Flight . | . . . . . Utility 5 | 1 . 1 . 3 Device 1 | . . 1 . . Storage 1 | 1 . . . . Processor 1 | . . . . 1 Hackware 2 | . . . . 2 Protection . | . . . . . Artifact . | . . . . . Weapon 7 | 2 1 2 . 2 Energy Gun 2 | 1 . . . 1 Energy Cannon . | . . . . . Ballistic Gun 3 | 1 . 2 . . Ballistic Cannon . | . . . . . Launcher . | . . . . . Special Weapon . | . . . . . Impact Weapon . | . . . . . Slashing Weapon 1 | . . . . 1 Piercing Weapon . | . . . . . Special Melee Weapon 1 | . 1 . . . Unidentified Prototypes . | . . . . . Parts Lost 6 | . . 3 . 3 Power 1 | . . 1 . . Propulsion . | . . . . . Utility 3 | . . . . 3 Weapon 2 | . . 2 . . Highest Loss Streak 3 | . . 2 . 3 To Critical Strikes . | . . . . . Average Backups 5 | 3 5 6 4 3 Power . | . 1 . . . Propulsion 2 | 1 3 2 1 1 Utility . | . . . . . Weapon 1 | . 1 1 3 2 Tool/Special . | . . . . . Unused Backups 8 | . . 5 . 3 Power 1 | . . 1 . . Propulsion 3 | . . 2 . 1 Utility . | . . . . . Weapon 4 | . . 2 . 2 Tool/Special . | . . . . . Average Slot Usage (%) 57 | . 85 81 8 16 Engine 7 | . 14 10 . 1 Leg 21 | . 28 39 . . Device 1 | . . 4 . . Storage 7 | . 14 10 . . Energy Gun 4 | . 11 2 . 1 Ballistic Gun 8 | . 14 13 . . Special Melee Weapon 4 | . 2 2 8 9 Peak Build Rating 30 | 6 6 13 2 30 Average Rating 6 | 4 6 9 1 5 On Entrance 3 | . 6 6 1 2 Avg Prop Armor Cover (%) . | . . . . . Naked Turns 45 | . . 24 20 1 Heaviest Build 21 | 13 13 15 1 21 Greatest Support 40 | 20 20 40 3 3 Greatest Overweight (x) 6 | 3 . . . 6 Average Overweight (x) . | . . . . . Largest Inventory Capacity 8 | 8 8 8 5 5 Average Capacity 6 | 7 8 7 5 5 Most Carried 8 | 6 8 8 5 5 Average Carried 5 | 3 5 6 4 4 Final Capacity 8 | 8 8 5 5 5 Final Carried 8 | 4 8 5 4 5 Class Distribution -------------------- 100% | Mutant Dominant Class ---------------- Mutant | -10/Materials Mutant | -9/Materials Mutant | -9/Mines Mutant | -9/Exiles Resources | -11 -10 -9 -9 -9 ----------- Run | Yrd Mat Mat Min Exi Matter Collected 421 | 117 130 126 48 . Remotely . | . . . . . Salvage Created 331 | . 165 139 . 27 Parts 37 | . 12 12 . 13 Haulers Intercepted . | . . . . . Recyclers Shooed . | . . . . . Parts Field Recycled . | . . . . . Retrieved Matter . | . . . . . Parts Self-Destructed . | . . . . . Prevented . | . . . . . Parts Restored . | . . . . . Kills | -11 -10 -9 -9 -9 ------- Run | Yrd Mat Mat Min Exi Combat Hostiles Destroyed 7 | . 3 4 . . Guns 6 | . 2 4 . . AOE 1 | . 1 . . . Classes Destroyed 4 | . 2 2 . . Builder 1 | . 1 . . . Swarmer 1 | . . 1 . . Grunt 5 | . 3 2 . . Sentry 1 | . . 1 . . Best Kill Streak 3 | . 3 3 . . Combat Bots Only 3 | . 2 3 . . Max Kills in Single Turn 1 | . 1 1 . 1 Gunslinging . | . . . . . Exploded 1 | . 1 . . . Melee . | . . . . . Uniques/NPCs Destroyed 1 | . . . . 1 EX-DEC (-9/Exiles) Combat | -11 -10 -9 -9 -9 -------- Run | Yrd Mat Mat Min Exi Hostile Shots Fired 173 | . 49 86 . 38 Missed 66 | . 24 30 . 12 Hits 107 | . 25 56 . 26 Melee 11 | . . . . 11 Projectile 96 | . 25 56 . 15 Damage Taken 1392 | . 392 521 . 479 Core 542 | . 136 204 . 202 Absorbed by Shields . | . . . . . Core Remaining (%) 72 | 100 45 . . . Volleys Fired 33 | 1 11 21 . . Largest 2 | 1 2 2 . . Hottest 60 | 20 60 60 . . Shots Fired 60 | 1 22 37 . . Gun 60 | 1 22 37 . . Cannon . | . . . . . Launcher . | . . . . . Special . | . . . . . Kinetic 45 | 1 11 33 . . Thermal . | . . . . . Explosive . | . . . . . Electromagnetic 15 | . 11 4 . . Robot Hit Streak 10 | . 7 10 . . Robot Miss Streak 5 | . 2 5 . . Penetration Max . | . . . . . Secondary Targets 1 | . . 1 . . Max Gunslinging Chain 1 | . . 1 . . Shots Hit Robots 54 | . 21 25 1 7 Core Hits 20 | . 8 11 . 1 Critical Kills . | . . . . . Critical Parts Destroyed 1 | . . 1 . . Critical Strikes 1 | . . 1 . . Destroy 1 | . . 1 . . Melee Attacks 13 | . 4 1 1 7 Impact . | . . . . . Slashing 1 | . . . . 1 Piercing . | . . . . . Sneak Attacks 12 | . 4 . 1 7 Combat Hostiles . | . . . . . Follow-up Attacks . | . . . . . Damage Inflicted 557 | . 234 264 . 59 Guns 434 | . 178 256 . . Cannons . | . . . . . Explosions 56 | . 56 . . . Melee 59 | . . . . 59 Ramming 8 | . . 8 . . Kinetic 287 | . 71 216 . . Thermal 56 | . 56 . . . Explosive . | . . . . . Electromagnetic 147 | . 107 40 . . Impact . | . . . . . Slashing 59 | . . . . 59 Piercing . | . . . . . Highest Corruption 8 | . . 2 2 8 Average Corruption 2 | . . 2 2 2 Corruption Purged . | . . . . . Corruption Blocked . | . . . . . Effects 1 | . . 1 . . Energy Discharges 1 | . . 1 . . Overload Shots . | . . . . . Overflow Damage . | . . . . . Projectiles . | . . . . . Explosions . | . . . . . Melee . | . . . . . Knockbacks . | . . . . . Impact . | . . . . . Kinetic . | . . . . . Secondary . | . . . . . Self-Inflicted Damage 57 | . 54 3 . . Shots 1 | . 1 . . . Rammed 5 | . . 5 . . Targets Rammed 5 | . . 5 . . Kicked . | . . . . . Crushed . | . . . . . Highest Temperature 88 | . 88 20 . . Average Temperature 25 | . 32 7 . . Received Heat Transfer 234 | . 138 69 . 27 Siege Activations . | . . . . . Martial Activations . | . . . . . Shielding Activations . | . . . . . Robots Disrupted . | . . . . . Combat Hostiles . | . . . . . Robots Corrupted . | . . . . . Combat Hostiles . | . . . . . Parts Fried . | . . . . . Impact Corruptions . | . . . . . Robots Melted . | . . . . . Combat Hostiles . | . . . . . Parts Melted . | . . . . . Heat Transferred 50 | . 50 . . . Parts Sabotaged . | . . . . . Parts Stolen . | . . . . . Parts Stripped . | . . . . . Power Chain Reactions 1 | . 1 . . . Alert | -11 -10 -9 -9 -9 ------- Run | Yrd Mat Mat Min Exi Maximum Alert Level . | . . . . . Low Security (%) 100 | 100 100 100 100 . Level 1 . | . . . . . Level 2 . | . . . . . Level 3 . | . . . . . Level 4 . | . . . . . Level 5 . | . . . . . High Security . | . . . . . Max Security . | . . . . . Peak Influence 69 | . 69 60 11 . Initial 16 | . . 16 11 . Average 12 | . 24 11 1 . Influence Increases 211 | . 109 102 . . Destroy 0b10 Robot/C 140 | . 60 80 . . Destroy 0b10 Robot/NC 5 | . 5 . . . Destroy Leader 20 | . 10 10 . . Successful Hack 12 | . . 12 . . Disable Machine 15 | . 15 . . . Destroy Structure 4 | . 4 . . . Lose Combat Pursuer 15 | . 15 . . . Influence Decreases 211 | . 70 111 30 . Entered New Map 42 | . . 23 19 . Time Decay 159 | . 70 78 11 . Lost Part 10 | . . 10 . . Squads Dispatched 1 | . 1 . . . Investigation . | . . . . . Extermination . | . . . . . Reinforcement 1 | . 1 . . . Assault . | . . . . . Garrison . | . . . . . Intercept . | . . . . . Searches Triggered . | . . . . . Construction Impeded . | . . . . . Haulers Reinforced . | . . . . . Active Scanning Responses . | . . . . . Cargo Convoy Interrupts . | . . . . . Stealth | -11 -10 -9 -9 -9 --------- Run | Yrd Mat Mat Min Exi Distress Signals 2 | . 2 . . . Communications Jammed . | . . . . . Distress Signals . | . . . . . Times Spotted 35 | . 10 17 . 8 Peak Tracking Total 12 | . 5 9 . 12 Tactical Retreats 1 | . 1 . . . Traps | -11 -10 -9 -9 -9 ------- Run | Yrd Mat Mat Min Exi Traps Triggered 1 | . 1 . . . Indirectly . | . . . . . Trap Hack Attempts . | . . . . . Triggered . | . . . . . Disarmed . | . . . . . Reprogrammed . | . . . . . Reused . | . . . . . Traps Extracted . | . . . . . Installed . | . . . . . Triggered . | . . . . . Machines | -11 -10 -9 -9 -9 ---------- Run | Yrd Mat Mat Min Exi Machines Disabled 1 | . 1 . . . Max in Single Turn 1 | . 1 . . . Machines Repaired . | . . . . . Machines Dismantled . | . . . . . Machines Sabotaged . | . . . . . Overloaded Fab Kills . | . . . . . Hacking | -11 -10 -9 -9 -9 --------- Run | Yrd Mat Mat Min Exi Machines Accessed 3 | . 1 2 . . Terminals 3 | . 1 2 . . Fabricators . | . . . . . Repair Stations . | . . . . . Recycling Units . | . . . . . Scanalyzers . | . . . . . Garrison Access . | . . . . . Total Hacks 7 | . 3 4 . . Successful 4 | . 1 3 . . Failed 3 | . 2 1 . . Catastrophic . | . . . . . Database Lockouts . | . . . . . Manual 3 | . . 3 . . Terminals 7 | . 3 4 . . Fabricators . | . . . . . Repair Stations . | . . . . . Recycling Units . | . . . . . Scanalyzers . | . . . . . Garrison Access . | . . . . . Terminal Hacks 4 | . 1 3 . . Record 1 | . 1 . . . Transport Status 1 | . . 1 . . Zone Layout 2 | . . 2 . . Fabricator Hacks . | . . . . . Repair Station Hacks . | . . . . . Recycling Unit Hacks . | . . . . . Scanalyzer . | . . . . . Garrison Access Hacks . | . . . . . Unauthorized Hacks . | . . . . . Terminals . | . . . . . Fabricators . | . . . . . Repair Stations . | . . . . . Recycling Units . | . . . . . Scanalyzers . | . . . . . Garrison Access . | . . . . . Data Cores Recovered . | . . . . . Used . | . . . . . Hacking Detections 2 | . 1 1 . . Full Trace Events 1 | . 1 . . . Feedback Events . | . . . . . Feedback Blocked . | . . . . . Robot Schematics Acquired . | . . . . . Robots Built . | . . . . . Authchips . | . . . . . Time . | . . . . . Total Robot Build Rating . | . . . . . Part Schematics Acquired . | . . . . . Parts Built . | . . . . . Authchips . | . . . . . Time . | . . . . . Total Part Build Rating . | . . . . . Part Studies Acquired . | . . . . . Parts Repaired . | . . . . . Time . | . . . . . Parts Recycled . | . . . . . Recycled Matter . | . . . . . Retrieved Matter . | . . . . . Retrieved Components . | . . . . . Parts Scanalyzed . | . . . . . Part Schematics Acquired . | . . . . . Parts Damaged . | . . . . . Bothacking | -11 -10 -9 -9 -9 ------------ Run | Yrd Mat Mat Min Exi Used RIF Installer . | . . . . . Robots Hacked 9 | . 2 1 1 5 Non-combat 6 | . 2 1 1 2 Combat 3 | . . . . 3 Robot Hacks Applied 11 | . 4 1 1 5 parse_system 7 | . 1 1 . 5 no_distress 3 | . 2 . 1 . find_recycling 1 | . 1 . . . Relay Couplers Released . | . . . . . Fabnet Peak Effective % . | . . . . . Robots Rewired . | . . . . . Allies Hacked . | . . . . . Hacks Repelled . | . . . . . Allies | -11 -10 -9 -9 -9 -------- Run | Yrd Mat Mat Min Exi Total Allies . | . . . . . Largest Group . | . . . . . Highest-Rated Group . | . . . . . Highest-Rated Ally . | . . . . . Total Orders . | . . . . . Ally Attacks . | . . . . . Total Damage . | . . . . . Kills . | . . . . . Allies Corrupted . | . . . . . Allies Melted . | . . . . . Intel | -11 -10 -9 -9 -9 ------- Run | Yrd Mat Mat Min Exi Active Infowar (turns) 136 | . . 136 . . Sensors 136 | . . 136 . . Robot Analysis Total . | . . . . . Derelict Logs Recovered 1 | . . . 1 . Drone Launches . | . . . . . Drone Recoveries . | . . . . . Exploration | -11 -10 -9 -9 -9 ------------- Run | Yrd Mat Mat Min Exi Turns Passed 988 | 94 251 315 151 177 Spaces Moved 986 | 53 163 210 296 264 Core 608 | 11 . 37 296 264 Treads . | . . . . . Legs 378 | 42 163 173 . . Wheels . | . . . . . Hover . | . . . . . Flight . | . . . . . Fastest Speed 50 | 50 120 50 50 50 Average Speed 81 | 148 120 107 50 58 Slowest Speed 350 | 200 120 120 50 350 Overloaded Moves . | . . . . . Propulsion Burnouts . | . . . . . Robots Hopped . | . . . . . Potential Cave-ins . | . . . . . Cave-ins Triggered . | . . . . . Exploration Rate (%) 44 | 4 45 33 76 65 Regions Visited 4 Branch Regions 2 Pre-discovered Areas . | . . . . . Known Exits Taken . | . . . . . Unknown Exits Taken 4 | 1 1 1 1 . Scrap Searched 1 | . . . 1 . Spaces Dug . | . . . . . Terrain Destroyed 3 | . 3 . . . Melee . | . . . . . Projectile . | . . . . . AOE 3 | . 3 . . . Terrain Rammed . | . . . . . Walls Destroyed . | . . . . . Machines Disabled . | . . . . . Actions | -11 -10 -9 -9 -9 --------- Run | Yrd Mat Mat Min Exi Total 1104 | 65 195 267 297 280 Wait 23 | . 12 11 . . Move 982 | 52 162 209 295 264 Hop . | . . . . . Pick Up 18 | 6 4 7 . 1 Fast Attach 10 | 4 . 1 . 5 Attach 9 | 2 . 5 1 1 Detach 1 | . . . . 1 Swap 5 | . 2 3 . . Drop 5 | . . 4 . 1 Fire 33 | 1 11 21 . . Melee 13 | . 4 1 1 7 Ram 5 | . . 5 . . Kick . | . . . . . Crush . | . . . . . Escape Stasis . | . . . . . Rewire . | . . . . . Trap . | . . . . . Miscellaneous . | . . . . . Route ------- -11/Scrapyard -10/Materials -9/Materials -9/Mines -9/Exiles History --------- Turn | Location | Event 27 | -11/Scrapyard | Discovered new exit (range 15) 95 | -11/Scrapyard | Entered Materials 313 | -10/Materials | Build established: Mutant 330 | -10/Materials | Core integrity fell below 50% 332 | -10/Materials | Discovered new exit (range 12) 346 | -10/Materials | Entered another Materials area 346 | -9/Materials | Evolved 2 slots: Propulsion x2 637 | -9/Materials | Released all parts (8) 657 | -9/Materials | Discovered new exit (range 8) 661 | -9/Materials | Core integrity fell below 50% 661 | -9/Materials | Entered Mines 780 | -9/Mines | Learned Materials stockpile data 810 | -9/Mines | Deemed a non-threat by the Exiles lab entrance 810 | -9/Mines | Discovered new exit (range 5) 812 | -9/Mines | Entered Exiles 826 | -9/Exiles | Met 8R-AWN 837 | -9/Exiles | Met EX-HEX 872 | -9/Exiles | Met EX-DEC 893 | -9/Exiles | Visited The Gauntlet 949 | -9/Exiles | Murdered EX-DEC 950 | -9/Exiles | Attacked by the Exiles 955 | -9/Exiles | Found Deploy-a-Sentry 968 | -9/Exiles | Found AWS/EX-DEC 982 | -9/Exiles | Core integrity fell below 20% 988 | -9/Exiles | Released all parts (2) 989 | -9/Exiles | Destroyed by as-46674 with Assembled Maul Last Messages --------------- Acquired Deploy-a-Sentry. Acquired EX Chip 1. EX-BIN: "I just want to science!" Acquired EX Chip 1. Dropped Katana. Acquired AWS/EX-DEC. EX Chip 1 destroyed. System corrupted by crushing effect (+2). Machine disabled. Knocked back. Acquired Imp. Target Analyzer. Imp. Target Analyzer destroyed. System corrupted by crushing effect (+1). EX Chip 1 destroyed. System corrupted by crushing effect (+3). Knocked back. as-31595 destroyed. Knocked back. Released AWS/EX-DEC. Released Hvy. Deuterium Engine. Map ----- +----------------------------------------------------+ | ?????????????????????????????????????????????????? | | ?????????????????????????????????????????????????? | | ?????????????????????????????????????????????????? | | ?????????????????????????????????????????????????? | | ?????????????????????????????????????????????????? | | ?????????????????????????????????????????????? ? | | ???????????????????????????????????????????" | | ???????????????????????????????????????????# | | ???????????????????????????????????????????# | | ?????????????????????????????" ???????????#" | | ?????????????????????????????" ???????????#" | | ???????????????????????????? ???????????#" | | ?????????????????????????????" "?????????##" # | | ?????????????????????????????# #????????##"" # | | ??????????????????#####????### ###?######"" # | | ????????????????? """#####X# #"###""""""" # | | ???????????????? """""" " "" | | ???????????????? "" """ " | | ????????????????? " " | | ????????????????? | | ??????????????????# | | ???????????????????# | | ????????????????????# | | ?????????????????????#" | | ?????????????????????#""" """""" | | ????????????????????##" @ ######""" | | ????????????????????#"" a[* ""##????##### | | ???????????????????##""" aa """##?????????# | | ???????????????????#"""! /a """##??????????? | | ???????????????????#"""! % ""#???????????? | | ???????????????????#""% ! ###?####?????# | | ???????????????????#"" ! z ## ##??""" | | ???????????????????#""!!! aa """" | | ???????????????????##""! | | ????????????????????#"""" | | ????????????????????## | | ?????????????????????#" " " | | ?????????????????????#"""" ""#? ##" | | ?????????????????????#"" ""##??????# | | ?????????????????????#" """"##???????? | | ?????????????????????#""" """#????????? | | ?????????????????????## ""##????????? | | ??????????????????????#"" """##?????????? | | ??????????????????????##""" ##??????????? | | ???????????????????????##"""" ##???????????? | | ????????????????????????### #????????????? | | ??????????????????????????##### ##????????????? | | ??????????????????????????????## #?????????????? | | ???????????????????????????????# #?????????????? | | ???????????????????????????????# #?????????????? | +----------------------------------------------------+ Best States ------------- Heat Dissipation 28 Energy Generation 18 Energy Capacity 310 Matter Stores 300 Matter Capacity 300 Sight Range 16 Robot Scan Range 15 Terrain Scan Density 10 Evasion (%) 55 Offensive Hacking 14 Item Schematics ----------------- None Robot Schematics ------------------ None Fabricated ------------ Nothing Repaired ---------- Nothing Studied --------- None Alien Tech Used ----------------- None Achievements -------------- Analysis Probe Backstab Junior Dev Challenges ------------ None Game ------ Seed XenonLongswordCorpse Manual? 0 Play Time 00:21:01 Cumulative 5.2 hours Start 2026.01.11 @ 18:20:43 End 2026.01.12 @ 19:51:14 Sessions 1 Manual Loads 0 Difficulty Rogue Special Mode None Game No. 10 Rogue 10 Adventurer 0 Explorer 0 Win Type - Total 0 Types 0/0/0/0/0/0/0/0/0/0 Lore% 8 Gallery% 11 Achievement% 12 Wizard Run 0 Options --------- Layout 1 ASCII 0 Keyboard 0 Movement Mouse Keybinds 0 Fullscreen 0 Font 36/Terminus Map View 50x35 Zoom Use 0% Tactical HUD 0 Map Filters NONE Filters NONE Steam 1 RUN: 8e6e8862-62ed-48fb-99c5-30edbb71f78c